 Dungeon Crawl Stone Soup version 0.20-a0-971-g5896763 (webtiles) character file.

2408 Gorglomux the Zephyrmancer (level 9, -2/51 HPs)
             Began as a Tengu Air Elementalist on Apr 8, 2017.
             Was a Believer of Vehumet.
             Slain by Duvessa
             ... wielding a +0 short sword
              (10 damage)
             ... on level 7 of the Dungeon.
             The game lasted 00:22:01 (8103 turns).

Gorglomux the Zephyrmancer (Tengu Air Elementalist) Turns: 8103, Time: 00:22:02

Health: -2/51      AC:  4    Str:  8    XL:     9   Next: 47%
Magic:  10/16      EV: 14    Int: 22    God:    Vehumet [**....]
Gold:   367        SH:  0    Dex: 14    Spells: 4/17 levels left

rFire    + . .     SeeInvis .   F - +1 dagger (venom)
rCold    . . .     Gourm    .   (no shield)
rNeg     . . .     Faith    .   W - +2 robe {rF+}
rPois    .         Spirit   .   (helmet restricted)
rElec    .         Reflect  .   (no cloak)
rCorr    .         Harm     .   (no gloves)
MR       +....                  (boots unavailable)
Stlth    ++........             r - amulet of regeneration
Regen    0.6/turn               e - +2 ring of intelligence
MPRegen  0.2/turn               m - ring of protection from magic

@: about to teleport
A: beak, talons 3, able to fly 1
a: Fly, Renounce Religion


You were on level 7 of the Dungeon.
You worshipped Vehumet.
Vehumet was pleased with you.
You were not hungry.

You visited 2 branches of the dungeon, and saw 8 of its levels.

You collected 367 gold pieces.

Inventory:

Hand Weapons
 i - a +0 short sword
 F - a +1 dagger of venom (weapon)
Armour
 a - a +0 robe
 H - a scarf of spirit shield
 W - a +2 robe of fire resistance (worn)
Jewellery
 e - a +2 ring of intelligence (left hand)
 m - a ring of protection from magic (right hand)
 r - an amulet of regeneration (around neck)
 M - an uncursed ring of ice
Wands
 A - a wand of acid (7/15)
 E - a wand of acid (8/15)
Scrolls
 g - 2 scrolls of recharging
 N - 2 scrolls of magic mapping {unknown}
 O - a scroll of fog {unknown}
 P - 2 scrolls of enchant weapon {unknown}
 R - 2 scrolls of identify
 T - 2 scrolls of teleportation
 U - 9 scrolls of remove curse
 V - 5 scrolls of amnesia
Potions
 I - 2 potions of invisibility
 J - 2 potions of cancellation
 L - a potion of degeneration
 Q - 2 potions of brilliance
 X - 3 potions of might
 Z - 4 potions of berserk rage
Books
 b - a book of Air

   Spells                             Type                      Level
   a - Shock                          Conjuration/Air              1
   b - Swiftness                      Charms/Air                   2
   c - Static Discharge               Conjuration/Air              3
   d - Airstrike                      Air                          4
   e - Lightning Bolt                 Conjuration/Air              5
 S - a book of Misfortune

   Spells                             Type                      Level
   a - Confusing Touch                Hexes                        1
   b - Confuse                        Hexes                        3
   c - Gell's Gravitas                Translocation                3
   d - Petrify                        Transmutation/Earth          4
   e - Metabolic Englaciation         Hexes/Ice                    5
   f - Yara's Violent Unravelling     Hexes/Transmutation          5
Comestibles
 c - 6 bread rations
 k - 4 royal jellies
 G - 4 fruits
 Y - 3 meat rations


   Skills:
 + Level 3.2 Fighting
 + Level 4.1 Dodging
 - Level 2.0 Stealth
 - Level 4.5 Spellcasting
 + Level 9.8 Conjurations
 + Level 10.3 Air Magic


You had 4 spell levels left.
You knew the following spells:

 Your Spells              Type           Power        Failure   Level  Hunger
a - Shock                 Conj/Air       ####         1%          1    None
b - Static Discharge      Conj/Air       #####...     1%          3    ##.....
c - Airstrike             Air            ######....   1%          4    ####...
d - Lightning Bolt        Conj/Air       #####.....   6%          5    #####..


Dungeon Overview and Level Annotations

Branches:
Dungeon (7/15)             Temple (1/1) D:4

Altars:
Cheibriados
Dithmenos
Elyvilon
Gozag
Nemelex Xobeh
Qazlal
Sif Muna
Uskayaw
Vehumet
Wu Jian
Yredelemnul
Zin

Annotations:
D:7 Duvessa


Innate Abilities, Weirdness & Mutations

You have a beak for a mouth.
You have claws for feet.
You can fly.


Message History

Aiming: Shock
Press: ? - help, Shift-Dir - straight line, f/p - orc
Aim: an orc, wielding an enchanted hand axe The zap misses the orc.
Duvessa shouts!
Duvessa goes berserk!
Casting: Shock
Confirm with . or Enter, or press ? or * to list all spells.
Aiming: Shock
Press: ? - help, Shift-Dir - straight line, f/p - orc
Aim: an orc, wielding an enchanted hand axe
Okay, then.
As you read the scroll of teleportation, it crumbles to dust.
You feel strangely unstable. Duvessa barely misses you.
Duvessa hits you with a short sword!
* * * LOW HITPOINT WARNING * * *
You feel better. Duvessa hits you with a short sword!
* * * LOW HITPOINT WARNING * * *
You feel better. Duvessa hits you with a short sword!
You die...

.......########.##.#########..)#
.h.......)).....##......# #...#
.........#####...'......# #...#
......##.# ####'##......# #...#
......##.###..........### #...#
......##..............# #...#
......#####...........# #...##
......................# #....#
..#########)...o@e)...####
#....#
.#..........#.####.......#
#..... .#.##########.#
#..)....#######. .#.# #.#
##.......# ####. .#.# #.#
#.#.....# #..#. ##.# #.#
#.#.....# #..#. #.# #.#
#.#.....# #..#. ##.# #..
..#.....###..## .#.#
###.......[..#


You could see Duvessa (berserk) and an orc.

Vanquished Creatures
  A hippogriff (D:7)
  Menkaure (D:4)
  3 orc warriors (D:7)
  2 sky beasts (D:5)
  An ice beast (D:6)
  An ogre (D:7)
  A centaur (D:5)
  Blork the orc (D:6)
  2 bullfrogs
  2 scorpions (D:7)
  Dowan (D:7)
  A howler monkey (D:5)
  2 crimson imps (D:5)
  5 orc priests
  3 hounds
  A centaur skeleton (D:4)
  2 bullfrog skeletons (D:4)
  2 iguanas
  3 orc wizards
  5 worker ants
  2 worker ant zombies (D:5)
  A howler monkey skeleton (D:6)
  3 gnolls (D:2)
  8 adders
  2 shadow imps
  2 oozes
  An adder zombie (D:7)
  4 worms
  5 dart slugs
  10 leopard geckos
  27 orcs
  4 giant cockroaches
  10 goblins
  7 hobgoblins
  20 jackals
  5 kobolds
  4 quokkas
  A ball python (D:4)
  8 bats
  7 frilled lizards
  A jackal skeleton (D:7)
  A jackal zombie (D:5)
  2 leopard gecko skeletons (D:6)
  A leopard gecko zombie (D:3)
  6 rats
182 creatures vanquished.

Vanquished Creatures (others)
  An orc (D:4)
1 creature vanquished.

Grand Total: 183 creatures vanquished

Notes
Turn   | Place    | Note
-------+----------+-------------------------------------------
     0 | D:1      | Gorglomux the Tengu Air Elementalist began the quest for the Orb.
     0 | D:1      | Reached XP level 1. HP: 10/10 MP: 4/4
   241 | D:1      | Reached XP level 2. HP: 15/15 MP: 3/6
   603 | D:1      | Reached skill level 3 in Conjurations
   678 | D:1      | Reached XP level 3. HP: 17/19 MP: 5/7
   690 | D:1      | Learned a level 3 spell: Static Discharge
  1426 | D:2      | Reached skill level 5 in Air Magic
  1430 | D:2      | Reached XP level 4. HP: 13/24 MP: 1/8
  2254 | D:3      | Gained mutation: You can fly. [Tengu growth]
  2254 | D:3      | Reached XP level 5. HP: 7/28 MP: 0/9
  2655 | D:3      | Reached skill level 6 in Air Magic
  2856 | D:3      | Reached XP level 6. HP: 32/32 MP: 8/10
  3156 | D:3      | Learned a level 4 spell: Airstrike
  3269 | D:4      | Reached skill level 6 in Conjurations
  3371 | D:4      | Found a glowing silver altar of Zin.
  3371 | D:4      | Found an opulent altar of Gozag.
  3477 | D:4      | Found a white marble altar of Elyvilon.
  3592 | D:4      | Found a snail-covered altar of Cheibriados.
  3604 | D:4      | Reached skill level 7 in Air Magic
  3827 | D:4      | Noticed Menkaure
  3844 | D:4      | Killed Menkaure
  3844 | D:4      | Reached XP level 7. HP: 20/36 MP: 3/11
  3947 | D:4      | Noticed a hand axe
  3948 | D:4      | Noticed a hand axe
  3974 | D:4      | Found a hide-covered altar of Uskayaw.
  4373 | D:4      | Found a staircase to the Ecumenical Temple.
  4392 | Temple   | Entered the Ecumenical Temple
  4501 | Temple   | Became a worshipper of Vehumet
  4653 | D:5      | Entered Level 5 of the Dungeon
  4671 | D:5      | Reached skill level 3 in Spellcasting
  4833 | D:5      | Reached skill level 8 in Air Magic
  5155 | D:5      | Reached XP level 8. HP: 41/41 MP: 1/14
  5593 | D:5      | Learned a level 5 spell: Lightning Bolt
  5676 | D:6      | Noticed Blork the orc
  5687 | D:6      | Killed Blork the orc
  5687 | D:6      | Reached skill level 9 in Air Magic
  5897 | D:6      | Reached * piety under Vehumet
  5897 | D:6      | Offered knowledge of Sting by Vehumet.
  6364 | D:6      | Found a shadowy altar of Dithmenos.
  7051 | D:7      | Reached skill level 1 in Fighting
  7051 | D:7      | Reached skill level 9 in Conjurations
  7285 | D:7      | Reached skill level 3 in Dodging
  7411 | D:7      | Noticed a hippogriff
  7422 | D:7      | Reached XP level 9. HP: 47/47 MP: 14/16
  7481 | D:7      | Reached skill level 10 in Air Magic
  7894 | D:7      | Noticed Dowan
  7905 | D:7      | Offered knowledge of Sandblast by Vehumet.
  7918 | D:7      | Killed Dowan
  7995 | D:7      | Reached ** piety under Vehumet
  7995 | D:7      | Reached skill level 3 in Fighting
  8100 | D:7      | Noticed Duvessa
  8101 | D:7      | HP: 2/51 [Duvessa/short sword (14)]
  8103 | D:7      | Slain by Duvessa

Vault maps used:
D:1:      mrwooster_arrival_statue
D:3:      minmay_bisected
D:4:      grunt_temple_overflow_gold_and_silver, old_standard_altar,
          dancing_weapons_uskayaw, temple_pool_b, elyvilon_altar_4,
          uniq_menkaure
D:5:      first_bread
D:6:      grunt_dithmenos_smoke, uniq_blork_the_orc
D:7:      uniq_duvessa
Temple:   minmay_temple_curvy_loop

Skill      XL: |  1  2  3  4  5  6  7  8  9 |
---------------+----------------------------+-----
Conjurations   | 2 3 4 5 6 7 9 |  9.8
Air Magic      | 5 6 7 8 9 10 | 10.3
Spellcasting   | 3 4 |  4.5
Fighting       | 1 3 |  3.2
Dodging        | 3 4 |  4.1
Stealth        | |  2.0

Action                   |  1- 3 |  4- 6 |  7- 9 || total
-------------------------+-------+-------+-------++-------
Melee: Short sword       |     1 |     5 |    42 ||    48
       Kick              |       |       |    13 ||    13
       Peck              |       |       |     6 ||     6
       Dagger            |       |       |    17 ||    17
 Cast: Shock             |    56 |   110 |   194 ||   360
       Airstrike         |       |     1 |    18 ||    19
       Static Discharge  |       |     1 |    11 ||    12
       Lightning Bolt    |       |       |     4 ||     4
  Use: Scroll            |     1 |     3 |     9 ||    13
       Potion            |       |     3 |     2 ||     5
 Stab: Sleeping          |       |       |     1 ||     1
  Eat: Chunk             |     2 |    10 |    18 ||    30
Armor: Robe              |     1 |     1 |     9 ||    11
Dodge: Dodged            |     3 |    19 |    43 ||    65
